 Dungeon Crawl Stone Soup version 0.30-a0-250-g41c1d76940 (webtiles) character file.

Game seed: 17491980497226685976

108 sleeves the Chopper (level 4, 0/39 HPs)
             Began as a Minotaur Cinder Acolyte on Oct 12, 2022.
             Was a High Priest of Ignis.
             Slain by a gnoll
             ... wielding a +1 whip of electrocution
              (7 damage)
             ... on level 3 of the Dungeon.
             The game lasted 00:01:38 (1512 turns).

sleeves the Chopper (Minotaur Cinder Acolyte)       Turns: 1512, Time: 00:01:39

Health: 0/39       AC: 10    Str: 18    XL:     4   Next: 58%
Magic:  4/4        EV: 10    Int: 11    God:    Ignis [*****.]
Gold:   218        SH:  0    Dex:  8    Spells: 5/5 levels left

rFire   + . .      SeeInvis .    a - -1 hand axe (flame)
rCold   . . .      Faith    .    (no shield)
rNeg    . . .      Spirit   .    e - +0 ring mail
rPois   .          Reflect  .    (helmet restricted)
rElec   .          Harm     .    (no cloak)
rCorr   .          Rampage  .    (no gloves)
Will    .....                    d - +0 pair of boots
Stlth   ..........               (no amulet)
HPRegen 0.26/turn                b - +4 ring of protection
MPRegen 0.09/turn                (no ring)

@: no status effects
A: horns 2, retaliatory headbutt
a: Renounce Religion, Fiery Armour, Foxfire Swarm, Rising Flame


You were on level 3 of the Dungeon.
You worshipped Ignis.
Ignis was extremely pleased with you.
You visited 1 branch of the dungeon, and saw 3 of its levels.

You collected 218 gold pieces.

Inventory:

Hand Weapons
 a - a -1 hand axe of flaming (weapon)
Missiles
 m - 3 poisoned darts (quivered)
Armour
 d - a +0 pair of boots (worn)
   (You found it on level 1 of the Dungeon)
 e - a +0 ring mail (worn)
   (You found it on level 1 of the Dungeon)
Jewellery
 b - a +4 ring of protection (left hand)
   (You found it on level 1 of the Dungeon)
Scrolls
 f - 2 scrolls of amnesia {unknown}
 g - a scroll of enchant armour {unknown}
 h - 3 scrolls of blinking {unknown}
 i - 2 scrolls of vulnerability {unknown}
 k - 5 scrolls of teleportation {unknown}
 l - a scroll of fog {unknown}
 n - a scroll of poison {unknown}
 o - 2 scrolls of identify {unknown}
Potions
 c - 2 potions of attraction {unknown}
 j - a potion of curing {unknown}
 p - a potion of brilliance {unknown}
 q - a potion of haste {unknown}
 r - a potion of resistance {unknown}


   Skills:
 - Level 3.6 Fighting
 + Level 6.5 Axes
 - Level 1.0 Spellcasting
 - Level 2.1 Fire Magic


You had 5 spell levels left.
You didn't know any spells.
Your spell library contained the following spells:

 Spells                   Type           Power      Damage    Failure   Level
 Scorch                   Fire           10%        2d6       34%         2


Dungeon Overview and Level Annotations

Branches:
Dungeon (3/15)

Altars:
Gozag
Hepliaklqana
Xom

Annotations:
D:3 Sigmund


Innate Abilities, Weirdness & Mutations

You have a pair of horns on your head.
You reflexively headbutt those who attack you in melee.


Message History

Welcome, sleeves the Minotaur Cinder Acolyte.
The terrific Orb of Zot lies far below, as if waiting for you to find it.
The flames of Ignis gently warm you.
Press ? for a list of commands and other information.
Found two stairs.
You open the door.
There is an open door here.
Found a sling.
Found a sling.
A dart slug comes into view.
The dart slug launches a dart at you. The slug dart hits you.
A kobold comes into view. It is wielding a +0 short sword.
The kobold shouts!
A goblin comes into view. It is wielding a +0 dagger.
An endoplasm comes into view.
You see here 8 gold pieces.
Found a purple potion.
The goblin shouts!
The endoplasm quivers.
The kobold hits you with a +0 short sword.
A goblin comes into view. It is wielding a +0 club.
You are too injured to fight recklessly!
You are too injured to fight recklessly!
You are too injured to fight recklessly!
You are too injured to fight recklessly!
You are too injured to fight recklessly!
You are too injured to fight recklessly!
You are too injured to fight recklessly!
You are too injured to fight recklessly!
You are too injured to fight recklessly!
You are too injured to fight recklessly!
You are too injured to fight recklessly!
You are too injured to fight recklessly!
There are monsters nearby!
Unknown command.
You are too injured to fight recklessly!
The goblin shouts!
You hit the kobold. You burn the kobold.
You kill the kobold!
You hit the endoplasm. You burn the endoplasm.
The endoplasm hits you but does no damage.
You hit the goblin. You burn the goblin.
The goblin is heavily wounded.
You hit the endoplasm. You burn the endoplasm.
You kill the endoplasm!
You hit the dart slug but do no damage. The goblin closely misses you.
You barely miss the goblin. Your headbutt misses the goblin.
The goblin is heavily wounded.
You hit the dart slug. You burn the dart slug. You hit the goblin.
You burn the goblin. The dart slug launches a dart at you.
The slug dart hits you.
* * * LOW HITPOINT WARNING * * *
The goblin hits you but does no damage. The goblin misses you.
You furiously retaliate!
You headbutt the goblin.
You kill the goblin!
Your Axes skill increases to level 4!
You slash the dart slug! You burn the dart slug.
You kill the dart slug!
You hit the goblin. You burn the goblin.
You kill the goblin!
You have reached level 2!
HP restored.
You now have 8 gold pieces.
Items here: ( )) †.
c - a purple potion You now have 23 gold pieces (gained 15).
You now have 32 gold pieces (gained 9).
d - a +0 pair of boots
Found a ring mail.
No target in view!
No target in view!
No target in view!
No target in view!
No target in view!
No target in view!
No target in view!
You see here a +0 ring mail.
e - a +0 ring mail You start removing your armour.
You continue taking off your +0 robe. x4
You finish taking off your +0 robe.
You start putting on your armour.
You continue putting on your +0 ring mail. x5
You finish putting on your +0 ring mail.
You drop a +0 robe.
You start putting on your armour.
You continue putting on your +0 pair of boots. x4
You finish putting on your +0 pair of boots.
A bat comes into view.
The bat misses you.
A bat is nearby!
A bat is nearby!
You hit the bat. You burn the bat.
You kill the bat!
No target in view!
No target in view!
No target in view!
No target in view!
No target in view!
No target in view!
No target in view!
Found an escape hatch in the floor.
b - a +4 ring of protection
There is an escape hatch in the floor here.
A goblin comes into view. It is wielding a +0 dagger.
The goblin shouts!
The goblin barely misses you.
You closely miss the goblin. Your headbutt misses the goblin.
The goblin hits you but does no damage.
You hit the goblin. You burn the goblin.
The goblin is severely wounded.
The goblin hits you but does no damage.
You closely miss the goblin. You headbutt the goblin.
You kill the goblin!
No target in view!
No target in view!
No target in view!
b - a +4 ring of protection (left hand)
Things that are here:
a +0 dagger; a goblin corpse A bat comes into view.
A bat is nearby!
A bat is nearby!
The bat hits you but does no damage. The bat barely misses you.
You barely miss the bat. The bat closely misses you.
You closely miss the bat. The bat closely misses you. You furiously retaliate!
You headbutt the bat. You closely miss the bat. You headbutt the bat.
You kill the bat!
No target in view!
No target in view!
No target in view!
No target in view!
No target in view!
No target in view!
f - a scroll labelled TYLASUKA COEHA A ball python comes into view.
The ball python hisses angrily.
You closely miss the ball python. The ball python barely misses you.
You furiously retaliate!
You headbutt the ball python!
You kill the ball python!
No target in view!
No target in view!
No target in view!
No target in view!
No target in view!
No target in view!
No target in view!
Found ice dragon scales.
g - a scroll labelled AQUATO RATEIQ
h - 3 scrolls labelled XIOSOT GINUESOANET No target in view!
No target in view!
No target in view!
No target in view!
No target in view!
No target in view!
No target in view!
No target in view!
i - a scroll labelled ECROER TIUMIER
j - a clear potion A frilled lizard comes into view.
The frilled lizard hisses angrily.
The frilled lizard barely misses you.
You hit the frilled lizard but do no damage.
Your headbutt misses the frilled lizard.
The frilled lizard bites you but does no damage.
You barely miss the frilled lizard. You headbutt the frilled lizard.
You kill the frilled lizard!
No target in view!
No target in view!
No target in view!
No target in view!
No target in view!
No target in view!
No target in view!
No target in view!
No target in view!
No target in view!
No target in view!
You see here a frilled lizard corpse.
Found a hand axe.
An endoplasm comes into view.
The endoplasm quivers.
An endoplasm is nearby!
An endoplasm is nearby!
A giant cockroach comes into view.
The endoplasm hits you.
You hit the endoplasm. You burn the endoplasm. You headbutt the endoplasm.
You kill the endoplasm!
The giant cockroach barely misses you.
You hit the giant cockroach. You burn the giant cockroach.
Your headbutt misses the giant cockroach.
The giant cockroach is severely wounded.
The giant cockroach completely misses you.
You barely miss the giant cockroach.
Your headbutt misses the giant cockroach.
The giant cockroach is severely wounded.
The giant cockroach bites you but does no damage.
The giant cockroach closely misses you. You furiously retaliate!
You headbutt the giant cockroach!
You kill the giant cockroach!
No target in view!
No target in view!
No target in view!
No target in view!
No target in view!
A giant cockroach comes into view.
A giant cockroach is nearby!
Found 3 scrolls labelled DEDEFA TE ZIE.
You enter the shallow water.
Moving in this stuff is going to be slow.
You closely miss the giant cockroach.
Your unstable footing causes you to fumble your attack.
The giant cockroach misses you.
The giant cockroach splashes around in the water.
You hit the giant cockroach but do no damage.
The giant cockroach splashes around in the water.
You barely miss the giant cockroach.
The giant cockroach bites you but does no damage.
You barely miss the giant cockroach. The giant cockroach barely misses you.
The giant cockroach closely misses you.
You hit the giant cockroach but do no damage.
The giant cockroach closely misses you.
You hit the giant cockroach but do no damage.
The giant cockroach barely misses you.
You barely miss the giant cockroach.
Your headbutt misses the giant cockroach.
The giant cockroach barely misses you. You furiously retaliate!
You headbutt the giant cockroach, but do no damage.
You hit the giant cockroach. You burn the giant cockroach.
You kill the giant cockroach!
You now have 41 gold pieces (gained 9).
k - 3 scrolls labelled DEDEFA TE ZIE A kobold comes into view.
It is wielding a +0 club.
The kobold shouts!
A kobold is nearby!
The kobold barely misses you.
You closely miss the kobold. The kobold hits you but does no damage.
You barely miss the kobold. The kobold hits you with a +0 club.
You barely miss the kobold. The kobold barely misses you.
You closely miss the kobold. The kobold hits you but does no damage.
You hit the kobold. You burn the kobold.
You kill the kobold!
No target in view!
No target in view!
No target in view!
You see here a +0 club.
You open the door.
Found 3 poisoned darts.
A ball python comes into view.
The ball python hisses angrily.
A ball python is nearby!
The ball python closely misses you. You furiously retaliate!
You headbutt the ball python. The ball python misses you.
You hit the ball python. You burn the ball python.
You kill the ball python!
No target in view!
No target in view!
No target in view!
No target in view!
No target in view!
No target in view!
No target in view!
No target in view!
You now have 54 gold pieces (gained 13).
You see here +0 ice dragon scales.
Key pressed, stopping explore.
k - 4 scrolls labelled DEDEFA TE ZIE (gained 1)
A hobgoblin comes into view.
The hobgoblin shouts!
A hobgoblin is nearby!
A hobgoblin is nearby!
You hit the hobgoblin. You burn the hobgoblin.
You kill the hobgoblin!
No target in view!
No target in view!
No target in view!
No target in view!
No target in view!
l - a scroll labelled DEBEELILAEH You open the door.
There is an open door here.
There is a staircase leading out of the dungeon here.
There is an open door here.
You see here a +0 sling.
There is an open door here.
m - 3 poisoned darts Done exploring.
No target in view!
(D) Dungeon
Where to? (? - help)
There is an open door here.
As you open the door, it creaks loudly!
Done exploring.
(D) Dungeon
Where to? (Enter - D:2, ? - help)
There is an open door here.
There is a stone staircase leading down here.
You climb downwards.
There is a stone staircase leading up here.
An adder comes into view.
Found a stone staircase leading up.
An adder is nearby!
An adder is nearby!
A frilled lizard and a ball python come into view.
The frilled lizard hisses angrily.
The ball python hisses angrily.
You hear an angry hiss.
The frilled lizard moves out of view.
You see here 8 gold pieces.
The adder barely misses you.
You miss the adder. The adder bites you but does no damage.
An adder comes into view.
You hit the adder. You burn the adder. Your headbutt misses the adder.
The adder is lightly wounded.
The adder closely misses you. The adder barely misses you.
You miss the adder. Your headbutt misses the adder.
The adder is lightly wounded.
The adder bites you but does no damage.
You hit the adder but do no damage. Your headbutt misses the adder.
The adder is lightly wounded.
You closely miss the ball python.
The ball python bites you but does no damage.
The ball python grabs you. The ball python constricts you.
The adder barely misses you. The ball python bites you.
The ball python constricts you.
You barely miss the ball python. Your headbutt misses the ball python.
You hit the adder. You burn the adder. The adder closely misses you.
The ball python bites you but does no damage.
The ball python constricts you. The adder barely misses you.
You closely miss the ball python. You closely miss the adder.
The adder bites you but does no damage. The ball python loses its grip on you.
You hit the adder but do no damage. Your headbutt misses the adder.
The adder is moderately wounded.
You hit the ball python but do no damage.
You closely miss the frilled lizard. The adder barely misses you.
The ball python closely misses you. The ball python barely misses you.
The frilled lizard closely misses you.
You closely miss the adder.
The adder is moderately wounded.
You closely miss the frilled lizard. You hit the ball python.
You burn the ball python.
You kill the ball python!
The frilled lizard bites you. The adder misses you.
You barely miss the adder. Your headbutt misses the adder.
The adder is moderately wounded.
You barely miss the frilled lizard. You barely miss the adder.
The adder barely misses you. x2; The frilled lizard barely misses you.
The adder bites you.
You barely miss the adder.
The adder is moderately wounded.
You hit the adder. You burn the adder. You hit the frilled lizard.
You burn the frilled lizard.
You kill the frilled lizard!
The adder bites you but does no damage. x2; The adder barely misses you.
You furiously retaliate!
You headbutt the adder. You hit the adder. You burn the adder.
You kill the adder!
You miss the adder. The adder barely misses you.
Your Axes skill increases to level 5!
You have reached level 3!
Your experience leads to an increase in your attributes!
Increase (S)trength, (I)ntelligence, or (D)exterity?
You feel agile. x2
You hit the adder. You burn the adder.
You kill the adder!
No target in view!
No target in view!
No target in view!
No target in view!
No target in view!
No target in view!
No target in view!
HP restored.
You now have 62 gold pieces (gained 8).
A bat comes into view.
You see here a frilled lizard corpse.
A bat is nearby!
A bat is nearby!
A bat is nearby!
The bat hits you but does no damage. The bat hits you.
Found 9 gold pieces.
The bat barely misses you. You furiously retaliate!
You headbutt the bat!
You kill the bat!
No target in view!
No target in view!
No target in view!
No target in view!
No target in view!
No target in view!
No target in view!
No target in view!
You now have 71 gold pieces (gained 9).
A quokka comes into view.
A quokka is nearby!
A quokka is nearby!
The quokka bites you but does no damage.
You hit the quokka. You burn the quokka.
The quokka is heavily wounded.
The quokka closely misses you.
You hit the quokka. You burn the quokka.
You kill the quokka!
No target in view!
No target in view!
No target in view!
No target in view!
No target in view!
No target in view!
No target in view!
No target in view!
No target in view!
A jackal and an endoplasm come into view.
The jackal barks!
The endoplasm quivers.
A jackal comes into view.
There are monsters nearby!
There are monsters nearby!
You hit the endoplasm. You burn the endoplasm.
You kill the endoplasm!
You hit the jackal. You burn the jackal.
The jackal bites you but does no damage.
You closely miss the jackal.
The jackal is almost dead.
You hit the jackal. You burn the jackal.
The jackal bites you but does no damage.
The jackal misses you.
The jackal bites you but does no damage.
The jackal closely misses you. You furiously retaliate!
You headbutt the jackal.
You kill the jackal!
You hit the jackal but do no damage. Your headbutt misses the jackal.
The jackal is almost dead.
The jackal misses you.
You hit the jackal. You burn the jackal.
You kill the jackal!
No target in view!
No target in view!
No target in view!
No target in view!
No target in view!
No target in view!
No target in view!
No target in view!
No target in view!
No target in view!
No target in view!
No target in view!
No target in view!
No target in view!
You see here a jackal corpse.
A jackal comes into view.
The jackal barks!
The jackal enters a dispersal trap!
You blink.
The jackal moves out of view.
You see here a scroll labelled EVIGUNL YDEWY.
Found a scroll labelled TYLASUKA COEHA.
The jackal bites you.
You hit the jackal. You burn the jackal.
You kill the jackal!
A jackal comes into view.
A kobold comes into view. It is wielding a +0 dagger.
The kobold shouts!
You hear a bark!
The kobold hits you but does no damage.
You hit the kobold. You burn the kobold.
The kobold is heavily wounded.
The kobold completely misses you. You furiously retaliate!
You headbutt the kobold!
You kill the kobold!
You hit the jackal but do no damage. Your headbutt misses the jackal.
The jackal bites you but does no damage.
You hit the jackal but do no damage. Your headbutt misses the jackal.
The jackal completely misses you.
The jackal bites you but does no damage.
You hit the jackal. You burn the jackal.
The jackal is severely wounded.
The jackal bites you but does no damage.
You closely miss the jackal.
The jackal is severely wounded.
The jackal bites you but does no damage.
The jackal bites you.
A jackal is nearby!
A jackal is nearby!
You barely miss the jackal. Your headbutt misses the jackal.
The jackal is severely wounded.
The jackal bites you but does no damage.
You hit the jackal. You burn the jackal.
You kill the jackal!
No target in view!
No target in view!
No target in view!
No target in view!
No target in view!
n - a scroll labelled NESYAW YSIRIU
Things that are here:
a +0 dagger; a kobold corpse
Found a stone staircase leading down.
f - 2 scrolls labelled TYLASUKA COEHA (gained 1)
Things that are here:
a +0 dagger; a kobold corpse
o - a scroll labelled EVIGUNL YDEWY No target in view!
No target in view!
No target in view!
No target in view!
No target in view!
No target in view!
No target in view!
No target in view!
Things that are here:
a +0 dagger; a kobold corpse
Found a stone staircase leading up.
A jackal comes into view.
You see here 8 gold pieces.
A jackal is nearby!
The jackal barks!
The jackal bites you but does no damage.
You closely miss the jackal. You headbutt the jackal.
The jackal is moderately wounded.
The jackal bites you but does no damage.
The jackal closely misses you.
You hit the jackal. You burn the jackal.
The jackal is severely wounded.
The jackal misses you.
You hit the jackal. You burn the jackal.
You kill the jackal!
No target in view!
No target in view!
No target in view!
No target in view!
No target in view!
You now have 79 gold pieces (gained 8).
k - 5 scrolls labelled DEDEFA TE ZIE (gained 1)
A kobold comes into view. It is wielding a +0 whip.
The kobold shouts!
A kobold is nearby!
A kobold is nearby!
The kobold barely misses you.
You hit the kobold. You burn the kobold.
You kill the kobold!
No target in view!
No target in view!
No target in view!
No target in view!
No target in view!
No target in view!
No target in view!
No target in view!
You see here a +0 whip.
You now have 95 gold pieces (gained 16).
An adder comes into view.
The adder hisses angrily.
An adder is nearby!
An adder is nearby!
The adder bites you but does no damage. x2
You hit the adder. You burn the adder.
The adder is heavily wounded.
The adder bites you but does no damage.
You closely miss the adder. You headbutt the adder.
The adder is almost dead.
The adder bites you.
You are poisoned.
The adder poisons you!
You closely miss the adder.
The adder is almost dead.
You feel sick. The adder bites you but does no damage. The adder misses you.
You closely miss the adder. Your headbutt misses the adder.
The adder is almost dead.
You feel sick. The adder bites you but does no damage.
You closely miss the adder. Your headbutt misses the adder.
The adder is almost dead.
You feel sick. The adder bites you but does no damage.
You closely miss the adder.
The adder is almost dead.
You feel sick. The adder bites you but does no damage.
The adder closely misses you.
You miss the adder.
The adder is almost dead.
You feel sick. The adder bites you but does no damage.
You barely miss the adder. Your headbutt misses the adder.
Your punch misses the adder.
The adder is almost dead.
You feel sick.
You are no longer poisoned.
The adder bites you but does no damage.
You miss the adder.
The adder is almost dead.
The adder barely misses you. You furiously retaliate!
You headbutt the adder!
You kill the adder!
Something bites the toadstool but does no damage.
Something bites the fungus.
The fungus begins to die.
A nearby toadstool withers and dies.
An adder comes into view.
An adder is nearby!
An adder is nearby!
A ball python comes into view.
The ball python hisses angrily.
The adder bites you but does no damage.
You closely miss the adder. You hit the ball python. You burn the ball python.
You kill the ball python!
You hit the fungus.
The fungus begins to die.
You burn the fungus. You hit the fungus.
The fungus begins to die.
You burn the fungus. You hit the fungus but do no damage.
A nearby toadstool withers and dies.
A nearby fungus withers and dies.
The adder barely misses you.
You closely miss the adder. You hit the fungus. You burn the fungus.
You hit the fungus. You burn the fungus. You hit the fungus.
The fungus begins to die.
You burn the fungus. The adder bites you but does no damage.
You hit the adder. You burn the adder.
The adder is lightly wounded.
You hit the fungus. You burn the fungus. You hit the fungus.
You burn the fungus. You hit the fungus. You burn the fungus.
The adder bites you. The adder bites you but does no damage.
You hit the adder but do no damage.
The adder is lightly wounded.
You hit the fungus. You burn the fungus. You hit the fungus but do no damage.
You hit the fungus. You burn the fungus.
A nearby fungus withers and dies. x2
The adder bites you.
You barely miss the adder.
The adder is lightly wounded.
You hit the fungus. You burn the fungus.
The adder bites you but does no damage.
You closely miss the adder.
The adder is lightly wounded.
You hit the fungus. You burn the fungus.
A nearby fungus withers and dies.
The adder bites you but does no damage. x2
You hit the adder. You burn the adder.
You headbutt the adder, but do no damage.
The adder is almost dead.
The adder closely misses you.
You miss the adder.
The adder is almost dead.
The adder bites you but does no damage.
You barely miss the adder.
The adder is almost dead.
The adder closely misses you.
You miss the adder.
The adder is almost dead.
The adder bites you but does no damage. The adder barely misses you.
You closely miss the adder.
The adder is almost dead.
The adder bites you but does no damage.
You slash the adder! You burn the adder.
You kill the adder!
Your Axes skill increases to level 6!
You have reached level 4!
You feel agile.
You now have 105 gold pieces (gained 10).
You now have 113 gold pieces (gained 8).
You now have 118 gold pieces (gained 5).
You now have 128 gold pieces (gained 10).
You now have 141 gold pieces (gained 13).
You now have 150 gold pieces (gained 9).
You now have 161 gold pieces (gained 11).
You now have 168 gold pieces (gained 7).
You now have 183 gold pieces (gained 15).
An endoplasm comes into view.
Found 8 gold pieces.
The endoplasm quivers.
An endoplasm is nearby!
An endoplasm is nearby!
An endoplasm is nearby!
You hit the endoplasm but do no damage. The endoplasm barely misses you.
You hit the endoplasm but do no damage. The endoplasm barely misses you.
You barely miss the endoplasm. The endoplasm barely misses you.
You hit the endoplasm. You burn the endoplasm.
The endoplasm is heavily wounded.
The endoplasm closely misses you.
You hit the endoplasm but do no damage. You headbutt the endoplasm.
You kill the endoplasm!
No target in view!
No target in view!
No target in view!
No target in view!
No target in view!
No target in view!
c - 2 purple potions (gained 1)
You now have 191 gold pieces (gained 8).
A ball python comes into view.
A ball python is nearby!
A ball python is nearby!
You closely miss the ball python. The ball python barely misses you.
The ball python grabs you. The ball python constricts you.
You hit the ball python but do no damage.
The ball python bites you but does no damage.
The ball python constricts you.
You hit the ball python. You burn the ball python.
You kill the ball python!
No target in view!
No target in view!
No target in view!
No target in view!
No target in view!
No target in view!
No target in view!
You now have 208 gold pieces (gained 17).
An endoplasm comes into view.
The endoplasm quivers.
An endoplasm is nearby!
An endoplasm is nearby!
You hit the endoplasm. You burn the endoplasm.
The endoplasm is almost dead.
The endoplasm hits you but does no damage.
You barely miss the endoplasm.
The endoplasm is almost dead.
The endoplasm freezes you.
You are frozen.
You slash the endoplasm! You burn the endoplasm.
You kill the endoplasm!
No target in view!
No target in view!
No target in view!
No target in view!
No target in view!
No target in view!
No target in view!
No target in view!
An endoplasm comes into view.
Found a quarterstaff.
An endoplasm is nearby!
An endoplasm is nearby!
The endoplasm closely misses you. You furiously retaliate!
You headbutt the endoplasm!
You kill the endoplasm!
No target in view!
No target in view!
No target in view!
No target in view!
No target in view!
No target in view!
No target in view!
No target in view!
No target in view!
You see here a +0 quarterstaff.
A rat comes into view.
A rat is nearby!
A rat is nearby!
The rat bites you.
You hit the rat. You burn the rat.
The rat is severely wounded.
The rat bites you but does no damage.
You slash the rat! You burn the rat.
You kill the rat!
No target in view!
No target in view!
No target in view!
No target in view!
No target in view!
No target in view!
You see here a rat corpse.
Found a stone staircase leading down.
There is a stone staircase leading down here.
p - a bubbling ruby potion
Found a dagger.
No target in view!
No target in view!
No target in view!
No target in view!
No target in view!
No target in view!
No target in view!
No target in view!
No target in view!
You see here a +0 dagger.
Found a hazy altar of Hepliaklqana.
Found a spear.
o - 2 scrolls labelled EVIGUNL YDEWY (gained 1)
A jackal comes into view.
The jackal barks!
You hit the jackal. You burn the jackal.
The jackal is severely wounded.
The jackal bites you but does no damage.
You hit the jackal. You burn the jackal.
You kill the jackal!
No target in view!
No target in view!
No target in view!
No target in view!
No target in view!
No target in view!
No target in view!
No target in view!
No target in view!
You see here a jackal corpse.
Found an escape hatch in the floor.
Found a stone staircase leading down.
There is a stone staircase leading up here.
Found an escape hatch in the ceiling.
There is a stone staircase leading up here.
A goblin comes into view. It is wielding a +0 club.
The goblin shouts!
The goblin hits you with a +0 club.
You hit the goblin but do no damage. The goblin misses you.
You hit the goblin. You burn the goblin. Your headbutt misses the goblin.
The goblin is heavily wounded.
The goblin hits you but does no damage.
A goblin is nearby!
A goblin is nearby!
A goblin is nearby!
You hit the goblin. You burn the goblin.
You kill the goblin!
No target in view!
No target in view!
No target in view!
No target in view!
No target in view!
No target in view!
Things that are here:
a +0 club; a goblin corpse Done exploring.
Done exploring.
Done exploring.
Done exploring.
No target in view!
(D) Dungeon
Where to? (Enter - D:2, ? - help)
There is a stone staircase leading down here.
You climb downwards.
The ball python hisses angrily.
The kobold shouts!
Found a coppery potion and a scroll labelled ECROER TIUMIER.
There is a stone staircase leading up here.
There are monsters nearby!
There are monsters nearby!
You closely miss the ball python. The ball python barely misses you.
The ball python grabs you. The ball python constricts you.
You closely miss the ball python. Your headbutt misses the ball python.
The ball python barely misses you. You furiously retaliate!
You headbutt the ball python.
You kill the ball python!
A bat comes into view.
You completely miss the kobold. The kobold barely misses you.
You furiously retaliate!
You headbutt the kobold, but do no damage.
You closely miss the kobold. The kobold hits you but does no damage.
You hit the kobold. You burn the kobold.
You kill the kobold!
The bat hits you but does no damage. The bat hits you but does no damage.
Things that are here:
a +0 whip; a kobold corpse You hit the bat.
You burn the bat.
You kill the bat!
No target in view!
No target in view!
No target in view!
No target in view!
No target in view!
No target in view!
No target in view!
No target in view!
No target in view!
No target in view!
No target in view!
q - a coppery potion
i - 2 scrolls labelled ECROER TIUMIER (gained 1)
Found 6 stones.
A hobgoblin comes into view.
The hobgoblin shouts!
Found 10 gold pieces.
The hobgoblin hits you but does no damage.
You hit the hobgoblin. You burn the hobgoblin.
You kill the hobgoblin!
No target in view!
No target in view!
No target in view!
No target in view!
No target in view!
No target in view!
No target in view!
No target in view!
r - a glowing cyan potion
Found a shimmering altar of Xom and an opulent altar of Gozag.
You now have 218 gold pieces (gained 10).
A gnoll comes into view. It is wielding a +0 whip.
A gnoll comes into view. It is wielding a +0 club.
The gnoll shouts!
Sigmund and a gnoll come into view.
Sigmund is wielding a +0 scythe and wearing a +1 robe of resistance.
Sigmund shouts!
The gnoll shouts!
A gnoll comes into view.
It is wielding a +1 whip of electrocution.
The gnoll shouts!
The gnoll hits you with a +0 whip.
You hit the gnoll but do no damage. Your headbutt misses the gnoll.
The gnoll hits you with a +0 whip.
You barely miss the gnoll. You hit the gnoll but do no damage.
The gnoll hits you but does no damage. The gnoll hits you with a +0 club.
You slash the gnoll! You burn the gnoll.
The gnoll is severely wounded.
You closely miss the gnoll. The gnoll hits you but does no damage.
You hit the gnoll but do no damage. You headbutt the gnoll.
You kill the gnoll!
You hit the gnoll. You burn the gnoll. Sigmund closely misses you.
You slash the gnoll! You burn the gnoll.
You kill the gnoll!
Sigmund closely misses you.
You hit the gnoll but do no damage. You headbutt the gnoll!
The gnoll is severely wounded.
You hit the gnoll. You burn the gnoll.
The gnoll hits you with a +1 whip of electrocution.
The gnoll hits you but does no damage.
You are too injured to fight recklessly!
The gnoll barely misses you. The gnoll closely misses you.
Sigmund closely misses you.
You hit the gnoll but do no damage.
The gnoll is severely wounded.
You barely miss the gnoll. You hit Sigmund.
The gnoll hits you with a +1 whip of electrocution.
* * * LOW HITPOINT WARNING * * *
The gnoll hits you but does no damage.
You closely miss the gnoll.
The gnoll is severely wounded.
You barely miss the gnoll. You hit Sigmund but do no damage.
Sigmund hits you with a +0 scythe!
* * * LOW HITPOINT WARNING * * *
The gnoll hits you with a +0 club.
* * * LOW HITPOINT WARNING * * *
The gnoll hits you with a +1 whip of electrocution!
You die...

._........#. #........#.
####......(... #
#............# #.
##............#
#.#####..##..........
####.......###.##.......
......g..### #.#......#.
......g@.# #.#...####.
......@..# ###..## ##
.........# ...##
.........# #.#.
.........# #...
.........# .........#
.........#


You could see Sigmund and 2 gnolls.

Vanquished Creatures
  2 gnolls (D:3)
  4 adders (D:2)
  A dart slug (D:1)
  4 bats
  6 endoplasms
  2 giant cockroaches (D:1)
  4 goblins
  2 hobgoblins
  6 jackals (D:2)
  5 kobolds
  A quokka (D:2)
  6 ball pythons
  2 frilled lizards
  A rat (D:2)
46 creatures vanquished.

Vanquished Creatures (others)
  8 fungi (D:2)
  5 toadstools (D:2)
13 creatures vanquished.

Grand Total: 59 creatures vanquished

Notes
Turn   | Place    | Note
-------+----------+-------------------------------------------
     0 | D:1      | sleeves the Minotaur Cinder Acolyte began the quest for the
                  | Orb.
     0 | D:1      | Reached XP level 1. HP: 19/19 MP: 1/1
    19 | D:1      | HP: 9/19 [dart slug/slug dart (4)]
    20 | D:1      | Reached skill level 4 in Axes
    21 | D:1      | Reached XP level 2. HP: 13/26 MP: 2/2
   823 | D:2      | Reached skill level 5 in Axes
   823 | D:2      | Reached XP level 3. HP: 29/31 MP: 3/3
  1033 | D:2      | Reached skill level 6 in Axes
  1033 | D:2      | Reached XP level 4. HP: 39/39 MP: 4/4
  1278 | D:2      | Found a hazy altar of Hepliaklqana.
  1488 | D:3      | Found a shimmering altar of Xom.
  1488 | D:3      | Found an opulent altar of Gozag.
  1502 | D:3      | Noticed Sigmund
  1511 | D:3      | HP: 16/39 [gnoll/+1 whip of electrocution (5)]
  1512 | D:3      | HP: 7/39 [gnoll/+0 club (1)]
  1512 | D:3      | Slain by a gnoll

Illustrated notes

Levels and vault maps discovered:
D:1:      minmay_arrival_up_and_down, layout_loops_cross,
          minmay_misc_feat_doors, minivault_14, minmay_tree_intersection,
          minmay_bisected
D:2:      layout_loops_ring, basic_altar, minmay_gold_behind_fungi
D:3:      layout_rooms, gammafunk_temple_overflow_forgotten, uniq_sigmund,
          uniq_terence

Skill      XL: |  1  2  3 |
---------------+----------+-----
Axes           | 4 5 6 |  6.5
Fighting       | |  3.6
Spellcasting   | |  1.0
Fire Magic     | |  2.1

Action                   |  1- 3 |  4- 6 || total
-------------------------+-------+-------++-------
Melee: Hand axe          |    84 |    33 ||   117
       Headbutt          |     7 |     3 ||    10
Armor: Robe              |     2 |       ||     2
       Ring mail         |    46 |    13 ||    59
Dodge: Dodged            |    55 |    15 ||    70

Table legend: (Time is in decaauts)
 A = Elapsed time spent in this place.
 B = Non-inter-level travel time spent in this place.
 C = Inter-level travel time spent in this place.
 D = Time resting spent in this place.
 E = Time spent auto-exploring this place.
 F = Levels seen in this place.
 G = Mean time per level.
                   A        B        C        D        E       F      G
               +--------+--------+--------+--------+--------+-----+--------+
         Total |   1515 |   1450 |     65 |      0 |   1172 |   3 |  505.0 |
       Dungeon |   1515 |   1450 |     65 |      0 |   1172 |   3 |  505.0 |
               +--------+--------+--------+--------+--------+-----+--------+

Top non-repeatable levels by time:
     D:1: 799 daAuts
     D:2: 664 daAuts
     D:3: 52 daAuts
